 Dungeon Crawl Stone Soup version 0.23.1 (webtiles) character file.

Game seed: 0

1159 wpisznazwe the Sneak (level 8, -4/62 HPs)
             Began as a Deep Dwarf Wizard on Mar 7, 2019.
             Was a Follower of Vehumet.
             Shot with an arrow by a centaur (8 damage)
             ... on level 7 of the Dungeon on Mar 8, 2019.
             The game lasted 03:31:49 (8087 turns).

wpisznazwe the Sneak (Deep Dwarf Wizard)            Turns: 8087, Time: 03:31:50

Health: -4/62      AC:  6    Str: 10    XL:     8   Next: 16%
Magic:  6/6        EV: 14    Int: 19    God:    Vehumet [*.....]
Gold:   234        SH:  0    Dex: 16    Spells: 3/13 levels left

rFire    . . .     SeeInvis .   M - +0 hand axe
rCold    . . .     Gourm    .   (no shield)
rNeg     . . .     Faith    +   p - +2 leather armour
rPois    .         Spirit   .   (no helmet)
rElec    .         Reflect  .   (no cloak)
rCorr    .         Harm     .   (no gloves)
MR       +....                  R - +0 pair of boots
Stlth    +++.......             v - amulet of faith
HPRegen  0.00/turn              X - -3 ring of intelligence (curse)
MPRegen  0.10/turn              F - +5 ring of dexterity

@: non-regenerating
A: damage resistance, heal wounds, sense surroundings 1, no regeneration
a: Heal Wounds, Renounce Religion


You were on level 7 of the Dungeon.
You worshipped Vehumet.
Vehumet was aware of your devotion.
You were hungry.

You visited 2 branches of the dungeon, and saw 8 of its levels.

You collected 234 gold pieces.

Inventory:

Hand Weapons
 e - a +0 club
 h - a +0 dagger
 j - a +0 scythe
 k - a +0 short sword
 l - a +0 club
 n - a +0 club
 o - a +0 spear
 q - a +0 whip
 w - a +0 mace
 y - a +0 dagger
 B - a +0 trident
 J - a +0 giant club
 M - a +0 hand axe (weapon)
 N - a +0 dagger
 P - a +0 flail
 V - a +0 flail
Missiles
 g - 295 stones
 s - 2 steel javelins
 t - 62 bolts
 u - 90 arrows
 K - 3 needles of confusion (quivered)
Armour
 a - a +0 robe
 b - a +0 hat
 c - a +0 robe
 i - a +0 buckler
 m - a +0 leather armour
 p - a +2 leather armour (worn)
 r - a +0 helmet
 x - a +0 robe
 A - a +0 ring mail
 C - a +0 leather armour
 E - a +0 ring mail
 G - a +0 leather armour
 L - a +0 leather armour
 O - a +0 helmet
 Q - a +0 robe
 R - a +0 pair of boots (worn)
 W - a +0 large shield
Jewellery
 v - an amulet of faith (around neck)
 z - a +3 amulet of reflection
 F - a +5 ring of dexterity (right hand)
 I - an uncursed ring of poison resistance
 X - a cursed -3 ring of intelligence (left hand)
Wands
 D - a wand of paralysis (11)
 T - a wand of flame (13)
Scrolls
 S - 2 scrolls of remove curse
Potions
 f - 2 potions of cancellation
 H - 2 potions of might
 U - a potion of degeneration {unknown}
Comestibles
 d - 11 rations


   Skills:
 * Level 1.4 Axes
 + Level 3.2 Armour
 + Level 4.0 Dodging
 + Level 6.3 Stealth
 - Level 3.4 Spellcasting
 - Level 3.4 Conjurations
 + Level 3.6 Summonings
 - Level 1.1 Translocations
 + Level 2.7 Earth Magic
 + Level 2.6 Evocations


You had 3 spell levels left.
You knew the following spells:

 Your Spells              Type           Power        Failure   Level  Hunger
a - Magic Dart            Conj           ###.         4%          1    None
b - Call Imp              Summ           ###.....     6%          2    ##.....
c - Blink                 Tloc           N/A          19%         2    ##.....
d - Conjure Flame         Conj/Fire      #.......     28%         3    ###....
e - Sandblast             Erth           ##....       6%          1    None
f - Summon Small Mammal   Summ           ###.         4%          1    None

Your spell library contained the following spells:

 Spells                   Type           Power        Failure   Level  Hunger
 Call Canine Familiar     Summ           ###.....     13%         3    ###....
 Summon Guardian Golem    Hex/Summ       ##......     26%         3    ###....
 Slow                     Hex            #.......     28%         2    ##.....
 Mephitic Cloud           Conj/Pois/Air  #.......     34%         3    ###....
 Summon Ice Beast         Ice/Summ       ##......     65%         4    ####...
 Summon Lightning Spire   Summ/Air       ##......     65%         4    ####...


Dungeon Overview and Level Annotations

Branches:
Dungeon (7/15)             Temple (1/1) D:5

Altars:
Ashenzari
Cheibriados
Dithmenos
Elyvilon
Fedhas
Hepliaklqana
Kikubaaqudgha
Makhleb
Nemelex Xobeh
Okawaru
Qazlal
Ru
Sif Muna
Trog
Uskayaw
Vehumet
Wu Jian
Xom
Yredelemnul
Zin
The Shining One


Innate Abilities, Weirdness & Mutations

You are resistant to damage.
You can heal yourself by infusing magical energy.
You passively map a small area around you.
You do not regenerate.


Message History

The centaur shoots an arrow.
The arrow hits you!
The howler monkey hoots and howls with incredible vigour!
You see here an arrow.
The centaur shoots an arrow.
The arrow closely misses you. The adder skeleton barely misses you.
The centaur shoots an arrow.
The arrow hits you!
* * * LOW HITPOINT WARNING * * *
You see here an arrow.
The centaur shoots an arrow.
The arrow hits you!
* * * LOW HITPOINT WARNING * * *
Found a stone staircase leading up and a stone staircase leading down.
You see here an arrow.
The howler monkey hoots and howls with incredible vigour!
The orc wizard mumbles some strange words.
The orc wizard seems to speed up.
The centaur shoots an arrow.
The arrow hits you but does no damage. The quokka closely misses you.
You see here an arrow.
The centaur shoots an arrow.
The arrow hits you!
You die...

* , , , .. # ...
#####.###############...
#......@(Z5O(...........
###......rh.h[..........
...<.....c.o.Y.o(.......
*###..........ho..)......
............o.........) ,
###.........$...........
, #.....................
* #>....................
, ..................


You could see an orc warrior, an ice beast, an ogre, a centaur, 3 howler
monkeys, an orc wizard, a shadow imp, an orc, a quokka and an adder skeleton.

Vanquished Creatures
  Grinder (D:3)
  A water moccasin (D:5)
  2 phantoms (D:6)
  A centaur (D:6)
  A bullfrog (D:6)
  An orc priest (D:3)
  A worker ant (D:1)
  3 adders
  2 dart slugs (D:1)
  3 leopard geckos
  3 orcs
  5 ball pythons
  8 bats
  5 giant cockroaches
  2 goblins
  11 hobgoblins
  4 jackals
  A quokka (D:3)
  3 kobolds (D:1)
  2 leopard gecko skeletons
  3 rats
  A butterfly (D:5)
64 creatures vanquished.

Vanquished Creatures (collateral kills)
  Sigmund (D:6)
  A water moccasin (D:4)
  A sky beast (D:5)
  An ogre (D:6)
  3 howler monkeys
  2 hounds
  2 bullfrog skeletons
  A centaur skeleton (D:4)
  An orc priest (D:3)
  Ijyb (D:3)
  An iguana (D:4)
  Natasha (D:3)
  4 worker ants
  4 gnolls
  6 adders
  An ooze (D:4)
  2 worms
  A dart slug (D:4)
  2 leopard geckos
  An orc (D:6)
  5 bats
  A giant cockroach (D:4)
  4 goblins
  3 hobgoblins (D:3)
  3 jackals
  A quokka (D:3)
  2 frilled lizards
  3 rats
59 creatures vanquished.

Vanquished Creatures (others)
  A jackal (D:6)
1 creature vanquished.

Grand Total: 124 creatures vanquished

Notes
Turn   | Place    | Note
-------+----------+-------------------------------------------
     0 | D:1      | wpisznazwe the Deep Dwarf Wizard began the quest for the
                  | Orb.
     0 | D:1      | Reached XP level 1. HP: 15/15 MP: 4/4
   227 | D:1      | Reached XP level 2. HP: 16/22 MP: 0/6
   345 | D:1      | Reached skill level 1 in Conjurations
   587 | D:1      | Learned a level 2 spell: Call Imp
   633 | D:1      | Learned a level 2 spell: Blink
   850 | D:1      | Reached skill level 1 in Summonings
   850 | D:1      | Reached XP level 3. HP: 28/28 MP: 2/7
  1134 | D:1      | Found a shattered altar of Ashenzari.
  1642 | D:2      | Found a blossoming altar of Fedhas.
  1860 | D:1      | Reached skill level 3 in Stealth
  1876 | D:1      | Reached XP level 4. HP: 18/36 MP: 1/9
  2159 | D:2      | Reached skill level 1 in Armour
  2247 | D:2      | Found a bloodstained altar of Trog.
  2247 | D:2      | Found a shadowy altar of Dithmenos.
  2248 | D:2      | Found an ornate altar of the Wu Jian Council.
  2299 | D:2      | Learned a level 3 spell: Conjure Flame
  2668 | D:3      | Noticed Ijyb
  3195 | D:3      | Reached XP level 5. HP: 37/42 MP: 3/10
  3371 | D:3      | Reached skill level 4 in Stealth
  3421 | D:3      | Noticed Natasha
  3671 | D:3      | Noticed Grinder
  3788 | D:3      | Paralysed by Ijyb for 3 turns
  3797 | D:3      | Killed Ijyb
  3857 | D:3      | Killed Grinder
  3857 | D:3      | Reached XP level 6. HP: 25/49 MP: 7/10
  3904 | D:3      | Found a radiant altar of Vehumet.
  3908 | D:3      | Became a worshipper of Vehumet
  4050 | D:4      | Noticed a water moccasin
  4143 | D:3      | Killed Natasha
  4480 | D:4      | Reached skill level 5 in Stealth
  4621 | D:4      | Killed a water moccasin
  4621 | D:4      | Reached * piety under Vehumet
  4621 | D:4      | Offered knowledge of Sandblast by Vehumet.
  4621 | D:4      | Reached skill level 1 in Evocations
  4621 | D:4      | Reached XP level 7. HP: 37/55 MP: 10/10
  4630 | D:4      | Learned a level 1 spell: Sandblast
  4783 | D:4      | Found an ancient bone altar of Kikubaaqudgha.
  5011 | D:5      | Entered Level 5 of the Dungeon
  5168 | D:5      | Found a staircase to the Ecumenical Temple.
  5198 | Temple   | Entered the Ecumenical Temple
  5903 | D:6      | Noticed Sigmund
  6205 | D:6      | Reached skill level 1 in Earth Magic
  6265 | D:6      | Killed Sigmund
  6569 | D:6      | Learned a level 1 spell: Summon Small Mammal
  6806 | D:5      | Reached skill level 6 in Stealth
  7350 | D:6      | Reached XP level 8. HP: 21/62 MP: 4/6
  7610 | D:6      | Reached skill level 1 in Axes
  8087 | D:7      | Shot with an arrow by a centaur

Skill      XL: |  1  2  3  4  5  6  7  8 |
---------------+-------------------------+-----
Spellcasting   | 3 |  3.4
Conjurations   | 1 2 3 |  3.4
Summonings     | 1 2 3 |  3.6
Stealth        | 3 4 5 6 |  6.3
Armour         | 1 2 3 |  3.2
Dodging        | 3 4 |  4.0
Evocations     | 1 2 |  2.6
Earth Magic    | 2 |  2.7
Axes           | 1 |  1.4
Translocations | |  1.1

Action                   |  1- 3 |  4- 6 |  7- 9 || total
-------------------------+-------+-------+-------++-------
Melee: Club              |    41 |     2 |       ||    43
       Spear             |       |    84 |    25 ||   109
       Falchion          |       |     6 |       ||     6
       Hand axe          |       |       |    68 ||    68
Throw: Stone             |     8 |    10 |       ||    18
       Javelin           |       |     3 |       ||     3
 Cast: Magic Dart        |   104 |    27 |    12 ||   143
       Call Imp          |     3 |    56 |    43 ||   102
       Blink             |     1 |     5 |     2 ||     8
       Conjure Flame     |       |     2 |     2 ||     4
       Summon Small Mamm |       |       |    39 ||    39
       Sandblast         |       |       |    10 ||    10
 Abil: Heal Wounds       |     2 |     4 |    10 ||    16
Evoke: Wand              |       |     1 |     6 ||     7
  Use: Potion            |     4 |     5 |     4 ||    13
       Scroll            |     3 |     6 |    11 ||    20
 Stab: Distracted        |       |     1 |       ||     1
       Paralysed         |       |     9 |     1 ||    10
       Sleeping          |       |     2 |       ||     2
  Eat: Chunk             |     2 |     8 |     2 ||    12
       Ration            |       |     1 |     3 ||     4
Armor: Robe              |    23 |       |       ||    23
       Leather armour    |     8 |    51 |    72 ||   131
       Ring mail         |       |     1 |       ||     1
Dodge: Dodged            |   100 |   144 |   186 ||   430
Block: Other             |       |     9 |       ||     9
       Rpst.: Falchion   |       |     2 |       ||     2
